Map: Ruins of Seras

Players

interesthing - Winner!

  • Race: Terran Terran

Bagain

  • Race: Protoss Protoss
  • League: Gold

VOD

Have the link to the VOD?

Description

Time

  • Played on: Feb. 6, 2016, 5:28 a.m.
  • Length: 11:58
Show
View Real Time Build Order
Export as new Build Order

interesthing Terran - Winner!

Build Orders: Reaper Expand, MMM Bio 

Get SALT Encoding   

  12  0:00  SCV  
  13  0:12  SCV  
  14  0:18  Supply Depot  
  14  0:25  SCV  
  15  0:40  SCV  
  15  0:42  Barracks  
  16  0:46  Refinery  
  16  0:52  SCV  
  17  1:04  SCV  
  18  1:16  SCV  
  19  1:29  Orbital Command  
  19  1:30  Reaper  
  19  1:31  Supply Depot  
  20  1:54  Command Center  
  20  1:57  SCV  
  21  2:03  Barracks Reactor  
  21  2:09  SCV  
  22  2:17  Refinery  
  22  2:21  SCV  
  23  2:25  Factory  
  24  2:37  SCV  
  24  2:54  SCV  
  24  2:56  Marine x2  
  27  3:06  SCV  
  27  3:07  Orbital Command  
  27  3:12  Starport, Factory Tech Lab  
  28  3:14  Marine x2  
  28  3:18  SCV  
  31  3:20  Supply Depot  
  31  3:30  SCV  
  31  3:32  Marine x2  
  31  3:33  Siege Tank  
  37  3:35  SCV  
  38  3:42  SCV  
  38  3:48  SCV  
  40  3:49  Marine  
  40  3:50  Marine  
  40  3:54  SCV  
  43  4:03  SCV  
  43  4:07  SCV  
  47  4:18  Starport Tech Lab  
  47  4:20  Barracks, Factory Tech Lab  
  47  4:23  Barracks  
  44  4:25  Marine  
  44  4:26  Stimpack  
  44  4:29  SCV x2  
  47  4:32  Refinery  
  47  4:33  Refinery  
  47  4:35  Supply Depot  
  47  4:38  Engineering Bay  
  47  4:40  Cloaking Field  
  47  4:41  SCV x2  
  47  4:44  Banshee  
  52  4:47  Marine  
  53  4:53  SCV  
  53  4:56  SCV  
  55  5:01  Siege Tank  
  55  5:05  Marine, SCV  
  60  5:08  SCV  
  60  5:09  Terran Infantry Weapons Level 1  
  61  5:17  SCV  
  62  5:21  Barracks Tech Lab  
  62  5:27  Supply Depot  
  62  5:28  Supply Depot  
  62  5:30  Supply Depot  
  62  5:42  Supply Depot  
  62  5:43  Supply Depot  
  62  5:47  Marine x2, Banshee  
  62  5:48  Siege Tank  
  62  5:49  Marauder, SCV x2  
  74  5:53  Combat Shields  
  74  6:00  Marauder  
  74  6:01  SCV  
  77  6:05  Marine x2, SCV  
  77  6:10  Marauder  
  82  6:13  SCV  
  83  6:20  Siege Tank  
  86  6:28  Marine, SCV x2  
  86  6:29  Marine x2  
  86  6:32  Marauder  
  93  6:40  SCV x2  
  93  6:45  Engineering Bay  
  95  6:47  Marauder  
  95  6:48  Armory  
  95  6:50  Command Center  
  97  6:54  Medivac  
  97  6:56  Marine  
  97  6:57  Marine, Marauder  
  97  6:59  Concussive Shells  
  103  7:03  Terran Infantry Armor Level 1  
  103  7:08  Marauder  
  105  7:19  SCV x2  
  107  7:30  Siege Tank  
  107  7:35  Terran Infantry Weapons Level 2  
  107  7:36  Supply Depot  
  110  7:40  Supply Depot  
  110  7:41  Supply Depot  
  110  7:56  Barracks  
  110  7:58  Marine x2, Marauder x2, SCV  
  117  7:59  Starport Reactor  
  117  8:33  SCV x2  
  116  8:49  Marine x2, Marauder  
  116  8:50  Siege Tank, Marauder  
  116  8:53  Medivac x2  
  116  8:54  Marauder  
  131  9:01  Supply Depot  
  131  9:05  Terran Infantry Armor Level 2  
  131  9:06  Supply Depot, Refinery x2  
  131  9:07  Marine x2  
  133  9:11  Marauder x2  
  133  9:15  Marine  
  138  9:17  Orbital Command  
  138  9:20  SCV  
  138  9:21  SCV  
  138  9:22  Siege Tank  
  138  9:23  Medivac x2  
  147  9:25  Supply Depot, Marine  
  148  9:32  Marauder x2  
  148  9:33  SCV  
  153  9:48  Marauder  
  153  9:49  Marine x2  
  153  9:50  SCV  
  153  9:51  SCV x2  
  160  9:53  Medivac x2, Marauder  
  160  9:54  Supply Depot, Marauder  
  160  9:56  Terran Vehicle Weapons Level 1  
  168  10:03  Command Center, SCV  
  169  10:07  Marine x2  
  171  10:18  Supply Depot  
  171  10:41  Supply Depot  
  171  11:03  Supply Depot  
  171  11:17  Orbital Command  
  171  11:18  Marine x3  
  171  11:19  Marine, Marauder  
  171  11:20  Medivac x2, Siege Tank  
  184  11:27  Supply Depot, Barracks  
  184  11:28  Barracks  
  184  11:30  Barracks  
  184  11:36  Marine x2  
  189  11:49  Supply Depot  
Show
View Real Time Build Order
Export as new Build Order

Bagain Protoss 

Build Orders:  

Get SALT Encoding   

  12  0:01  Probe (Chrono Boost)  
  13  0:12  Probe (Chrono Boost)  
  14  0:18  Pylon  
  14  0:26  Pylon  
  14  0:28  Probe (Chrono Boost)  
  15  0:45  Probe (Chrono Boost)  
  16  0:51  Gateway  
  16  0:55  Probe (Chrono Boost), Assimilator  
  17  1:04  Pylon  
  17  1:06  Probe (Chrono Boost)  
  18  1:16  Probe (Chrono Boost)  
  19  1:26  Assimilator  
  19  1:29  Probe (Chrono Boost)  
  20  1:40  Cybernetics Core  
  20  1:43  Probe (Chrono Boost)  
  21  1:49  Pylon  
  21  1:55  Probe (Chrono Boost)  
  21  1:56  Forge  
  22  2:10  Probe (Chrono Boost)  
  23  2:17  Stalker (Chrono Boost)  
  25  2:23  Pylon  
  25  2:27  Mothership Core (Chrono Boost)  
  27  2:32  Photon Cannon  
  25  2:51  Probe (Chrono Boost)  
  26  3:11  Probe (Chrono Boost)  
  27  3:17  Nexus  
  27  3:24  Gateway  
  27  3:31  Pylon  
  27  3:33  Adept  
  29  3:48  Robotics Facility  
  29  4:04  Adept  
  31  4:12  Adept  
  31  4:14  Warp Gate  
  33  4:20  Probe (Chrono Boost)  
  34  4:29  Gateway  
  34  4:33  Gateway  
  34  4:39  Probe (Chrono Boost)  
  35  4:48  Observer  
  35  4:49  Probe (Chrono Boost)  
  37  4:59  Pylon  
  37  5:02  Assimilator  
  37  5:05  Probe x2 (Chrono Boost)  
  37  5:06  Assimilator  
  39  5:22  Adept x3  
  39  5:25  Probe (Chrono Boost)  
  39  5:28  Probe (Chrono Boost)  
  47  5:35  Probe (Chrono Boost)  
  47  5:38  Probe (Chrono Boost)  
  48  5:45  Observer  
  48  5:46  Probe (Chrono Boost)  
  48  5:49  Probe (Chrono Boost)  
  51  5:53  Adept  
  51  5:56  Probe (Chrono Boost)  
  54  5:59  Probe (Chrono Boost)  
  54  6:02  Pylon  
  55  6:09  Twilight Council  
  54  6:31  Probe x2 (Chrono Boost)  
  53  6:39  Stalker x4  
  61  6:41  Probe (Chrono Boost)  
  61  6:46  Resonating Glaives  
  62  6:52  Probe x2 (Chrono Boost)  
  64  7:03  Photon Cannon  
  64  7:09  Probe (Chrono Boost)  
  64  7:10  Templar Archives  
  64  7:14  Probe (Chrono Boost)  
  66  7:18  Pylon  
  66  7:20  Probe (Chrono Boost)  
  67  7:32  Stalker x3, Photon Cannon  
  73  7:37  Probe x2 (Chrono Boost)  
  75  7:48  Probe x2 (Chrono Boost)  
  75  7:49  Photon Cannon  
  77  7:54  Photon Cannon  
  77  8:03  High Templar x4  
  83  8:22  Probe x2 (Chrono Boost)  
  83  8:26  Immortal  
  89  8:33  Probe (Chrono Boost)  
  89  8:36  High Templar x2  
  89  8:41  Probe (Chrono Boost)  
  94  8:45  Pylon  
  94  8:50  Pylon  
  94  8:55  Psionic Storm  
  94  8:56  Pylon  
  94  9:03  Probe (Chrono Boost)  
  95  9:13  Adept x3  
  101  9:20  Photon Cannon  
  101  9:24  Nexus  
  101  9:30  Photon Cannon  
  98  9:50  Stalker x3  
  98  9:51  Stalker  
  106  9:56  Probe  
  107  10:04  Probe  
  108  10:12  Assimilator  
  108  10:13  Assimilator  
  108  10:19  Zealot x4  
  116  10:28  Charge (Chrono Boost)  
  116  10:39  Pylon, Probe  
  116  10:40  Probe  
  116  10:41  Pylon, Probe  
  116  10:42  Pylon  
  119  10:50  Probe  
  119  10:52  Probe  
  119  10:53  Probe  
  121  11:03  Zealot  
  121  11:04  Zealot x3  
  124  11:31  Observer  
  125  11:33  Adept x4  
Tags
 
Composition
MMM Bio
League
Gold
Matchup
PvT
Replay Pack
rep
Add a new tag
Caveats
  • Supply blocks, unpowered buildings, or Contaminate may cause inaccurate times.
  • Supply counts are checked every 10 seconds.